 Dungeon Crawl Stone Soup version 0.19.0 (webtiles) character file.

136 CanadianGator the Covered (level 5, -1/34 HPs)
             Began as a Gargoyle Fighter on Nov 17, 2016.
             Killed from afar by Sigmund (5 damage)
             ... with a magic dart
             ... on level 3 of the Dungeon.
             The game lasted 00:08:08 (2310 turns).

CanadianGator the Covered (Gargoyle Fighter)        Turns: 2310, Time: 00:08:08

Health: -1/34      AC: 14    Str: 21    XL:     5   Next: 19%
Magic:  5/5        EV:  5    Int:  8    God:
Gold:   118        SH:  9    Dex:  9    Spells: 0 memorised, 4 levels left

rFire  . . .     SeeInvis .     a - +0 flail
rCold  . . .     Gourm    +     s - +0 chain mail
rNeg   + . .     Faith    .     c - +0 shield
rPois  ∞         Spirit   .     (no helmet)
rElec  +         Reflect  .     e - +0 cloak
rCorr  .         Harm     .     (no gloves)
MR     .....                    (no boots)
Stlth  ..........               q - amulet of the gourmand
                                (no ring)
                                o - ring of loudness (curse)

@: no status effects
A: negative energy resistance 1, electricity resistance, unbreathing,
petrification resistance, rot immunity, AC +4
a: no special abilities


You were on level 3 of the Dungeon.
You were very full.

You visited 1 branch of the dungeon, and saw 3 of its levels.

You collected 118 gold pieces.

Inventory:

Hand Weapons
 a - a +0 flail (weapon)
Missiles
 u - 22 bolts
Armour
 b - a +0 scale mail
 c - a +0 shield (worn)
 e - a +0 cloak (worn)
 s - a +0 chain mail (worn)
Jewellery
 o - a cursed ring of loudness (left hand)
 q - an amulet of the gourmand (around neck)
Scrolls
 h - 7 scrolls of identify {unknown}
 i - 2 scrolls of blinking {unknown}
 j - 2 scrolls of fear {unknown}
 k - 2 scrolls of recharging {unknown}
 l - 2 scrolls of immolation {unknown}
 m - 2 scrolls of remove curse {unknown}
 p - 2 scrolls of noise {unknown}
 r - a scroll of enchant weapon {unknown}
 v - a scroll of teleportation {unknown}
 y - a scroll of random uselessness {unknown}
Potions
 d - 3 potions of might
 n - a potion of heal wounds {unknown}
 w - 2 potions of curing {unknown}
 x - a potion of degeneration {unknown}
Comestibles
 f - a bread ration
 g - 2 beef jerkies
 t - 3 meat rations


   Skills:
 * Level 4.3 Fighting
 + Level 2.5 Maces & Flails
 * Level 4.3 Armour
 * Level 4.3 Shields


You had 4 spell levels left.
You didn't know any spells.

Dungeon Overview and Level Annotations

Branches:
Dungeon (3/15)

Altars:
Dithmenos
Sif Muna

Annotations:
D:3 Sigmund


Innate Abilities, Weirdness & Mutations

You are resistant to torment.
Your stone body is resilient. (AC +4)
You are immune to poison.
You resist negative energy. (rN+)
You are resistant to electric shocks. (rElec)
You can survive without breathing.
You are immune to petrification.
You are immune to rotting.


Message History

Something hits you but does no damage.
You thump something! Something hits you.
* * * LOW HITPOINT WARNING * * *
You closely miss something.
You hear some strange, mumbled words.
A puff of flame appears from out of thin air!
The puff of flame hits you!
* * * LOW HITPOINT WARNING * * *
You miss something. Something hits you but does no damage.
You miss something. Something hits you but does no damage.
You completely miss something. Something hits you.
* * * LOW HITPOINT WARNING * * *
You barely miss something.
You hear some strange, mumbled words.
Something tries to affect you, but you resist.
You closely miss something.
You hear some strange, mumbled words.
A magic dart appears from out of thin air!
The magic dart hits you!
You die...

## .#
########################
.+
.......................#
.# #...(....##########.#
.+ #..{@....# #.# .#
#.....[..# #.# .#
#........# #.# .#
#........# #.# .#
#........# #.# .#####
#........# #.# .....#
#........# #.# .....#
########## #.# .....#
#.#


There were no monsters in sight!

Vanquished Creatures
  5 adders (D:2)
  2 oozes
  3 worms
  3 dart slugs
  A leopard gecko (D:2)
  3 giant cockroaches
  4 goblins
  7 hobgoblins
  5 jackals
  2 ball pythons (D:1)
  8 bats
  5 frilled lizards (D:2)
  12 kobolds
  11 rats
71 creatures vanquished.

Notes
Turn   | Place    | Note
-------+----------+-------------------------------------------
     0 | D:1      | CanadianGator the Gargoyle Fighter began the quest for the Orb.
     0 | D:1      | Reached XP level 1. HP: 14/14 MP: 1/1
   151 | D:1      | Reached XP level 2. HP: 19/19 MP: 2/2
   324 | D:1      | Reached XP level 3. HP: 19/24 MP: 3/3
   926 | D:2      | Reached XP level 4. HP: 21/29 MP: 4/4
  1344 | D:2      | Reached XP level 5. HP: 33/33 MP: 5/5
  1855 | D:3      | Found a shadowy altar of Dithmenos.
  2031 | D:3      | Found a deep blue altar of Sif Muna.
  2286 | D:3      | Noticed Sigmund
  2310 | D:3      | Killed from afar by Sigmund

Skill      XL: |  1  2  3  4 |
---------------+-------------+-----
Shields        | 4 |  4.3
Armour         | 4 |  4.3
Fighting       | 4 |  4.3
Maces & Flails | |  2.5

Action                   |  1- 3 |  4- 6 || total
-------------------------+-------+-------++-------
Melee: Flail             |   125 |   165 ||   290
  Eat: Chunk             |       |    15 ||    15
Armor: Scale mail        |    95 |    74 ||   169
       Chain mail        |       |    89 ||    89
Dodge: Dodged            |    48 |    70 ||   118
Block: Shield            |    90 |   138 ||   228
